[Event "*** Titled Tuesday Blitz"]
[Site "Chess.com"]
[Date "2019.12.03"]
[Round "6"]
[White "GremioPrudente"]
[Black "BvsN"]
[Result "0-1"]
[WhiteElo "2234"]
[BlackElo "2373"]
[TimeControl "180+2"]
[EndTime "14:24:23 PST"]
[Termination "BvsN won on time"]

1. Nf3 d5 2. d4 Nf6 3. c4 c6 4. e3 Bf5 5. Bd3 Bxd3 6. Qxd3 e6 7. O-O Nbd7 8. Nc3 Bb4 9. Bd2 a5 10. a3 Be7 11. e4 Nc5 12. dxc5 dxe4 13. Qxd8+ Rxd8 14. Nxe4 Nxe4 15. Bxa5 Ra8 16. Bb4 Nxc5 17. Rad1 Ne4 18.
Bxe7 Kxe7 19. Rd4 Nf6 20. Rfd1 c5 21. R4d2 Rhd8 22. Rxd8 Rxd8 23. Rxd8 Kxd8 24. Kf1 Ke7 25. Ke2 Kd6 26. h3 h6 27. Kd3 e5 28. Nd2 Nd7 29. Ne4+ Ke6 30. b4 b6 31. bxc5 bxc5 32. a4 f5 33. Nc3 e4+ 34. Ke2 Ne5 35. a5 Nxc4 36. a6 Nb6 37. Nb5 Na8 38. f3 exf3+ 39. Kxf3 g5 40. g3 Kd5 41. a7 c4 42. Ke3 Kc5 43.
Nc3 Nc7 44. h4 f4+ 45. gxf4 gxh4 46. f5 Kb6 47. Nd5+ Nxd5+ 48. Kd4 Nc7 49. f6 Kxa7 50. f7 Ne6+ 51. Ke5 Nf8 52. Kf6 c3 53. Ke7 Nh7 0-1

[Event "*** Titled Tuesday Blitz"]
[Site "Chess.com"]
[Date "2019.12.03"]
[Round "6"]
[White "JonahWillow"]
[Black "Ambitiousresolutions"]
[Result "1-0"]
[WhiteElo "2786"]
[BlackElo "2631"]
[TimeControl "180+2"]
[EndTime "14:24:24 PST"]
[Termination "JonahWillow won by resignation"]

1. e4 e5 2. Nf3 Nc6 3. Nc3 Nf6 4.
Bb5 Bb4 5. O-O O-O 6. d3 Bxc3 7.
bxc3 d6 8. Bg5 h6 9. Bh4 Qe7 10. Re1 a6 11. Ba4 b5 12. Bb3 Na5 13. Nd2 Nxb3 14.
axb3 a5 15. c4 b4 16. h3 c5 17. Nf1 Be6 18. Ne3 g5 19. Bg3 Kg7 20. Qf3 Nd7 21. Rf1 Nb6 22. Qe2 a4 23. Ra2 a3 24.
c3 bxc3 25. Qc2 Nd7 26. Qxc3 Nb8 27. Nd5 Bxd5 28. cxd5 f5 29. f3 Na6 30. Rxa3 Nb4 31. Rxa8 Rxa8 32. f4 gxf4 33. Rxf4 fxe4 34. dxe4 Kh7 35.
Rg4 Rf8 36. Kh2 Rf1 37. Qe3 Qf6 38. Bh4 Qf7 39. Bd8 Nc2 40. Qg3 Nd4 41. Qh4 Ne2 42.
Qe7 h5 43. Rg5 Kh6 44. Qxf7 Rxf7 45. Rf5 Rxf5 46. exf5 Nd4 47. f6 Kg6 48. Be7 Nxb3 49. g4 hxg4 50. hxg4 c4 51. Bxd6 Kxf6 52. Bb4 Nd4 53.
Kg2 Nb5 54. Kf3 c3 55. Ke3 c2 56. Kd2 Nd4 57. Bc3 Nf3+ 58. Kxc2 Nh2 59. g5+ Kxg5 60. d6 Nf3 61. d7 1-0

[Event "*** Titled Tuesday Blitz"]
[Site "Chess.com"]
[Date "2019.12.03"]
[Round "6"]
[White "Azatic"]
[Black "CarlssonLudvig"]
[Result "1-0"]
[WhiteElo "2630"]
[BlackElo "2435"]
[TimeControl "180+2"]
[EndTime "14:24:26 PST"]
[Termination "Azatic won by checkmate"]

1. e4 c6 2. d4 d5 3. e5 Bf5 4. Nf3 e6 5. Be2 Ne7 6. O-O Nc8 7. b3 Nd7 8. c4 Be7 9. Nc3 O-O 10. Be3 f6 11. Rc1 fxe5 12. dxe5 Bg4 13. cxd5 Bxf3 14. Bxf3 cxd5 15. Nxd5 exd5 16. Qxd5+ Kh8 17.
Rfd1 Ncb6 18. Qxb7 Qe8 19. e6 Ne5 20. Be4 Ba3 21.
Bxb6 Bxc1 22. Qxa8 axb6 23. Qxe8 Rxe8 24. Rxc1 g6 25. f4 Ng4 26. h3 Rxe6 27. Rc8+ Kg7 28. Rc7+ Kf6 29. hxg4 Rxe4 30. g3 Re2 31. Rc6+ Kg7 32.
Rxb6 Rxa2 33. g5 Rb2 34. Rb4 Kf7 35. Rb6 Ke7 36. g4 Kf7 37. f5 gxf5 38. gxf5 Ke7 39.
Rb7+ Kf8 40. f6 Kg8 41. Rg7+ Kh8 42. Rb7 Kg8 43. Kf1 Kf8 44. Rxh7 Rxb3 45. Kf2 Rb5 46. Rg7 Rb3 47. Ra7 Rb5 48. Rg7 Rb3 49. g6 Rb6 50. Rf7+ Kg8 51. Kf3 Rc6 52. Kf4 Rb6 53. Kg5 Rb1 54. Rg7+ Kh8 55. Ra7 Rg1+ 56. Kf5 Rf1+ 57. Ke6 Re1+ 58. Kf7 Rg1 59. Ra8# 1-0

[Event "*** Titled Tuesday Blitz"]
[Site "Chess.com"]
[Date "2019.12.03"]
[Round "6"]
[White "GulamaliRises"]
[Black "Laico"]
[Result "1/2-1/2"]
[WhiteElo "2483"]
[BlackElo "2339"]
[TimeControl "180+2"]
[EndTime "14:24:31 PST"]
[Termination "Game drawn by agreement"]

1. e4 e6 2. d4 d5 3. e5 c5 4. c3 Nc6 5. Nf3 Bd7 6. Be2 Nge7 7. Na3 cxd4 8. cxd4 Nf5 9. Nc2 Nb4 10.
Nxb4 Bxb4+ 11. Kf1 O-O 12. h4 Qb6 13. g4 Nh6 14. Bxh6 gxh6 15. Qc1 Kg7 16. g5 h5 17. a4 Rac8 18. Qb1 Be7 19. Kg2 Qb3 20. Bd1 Qb4 21.
Bc2 Rc7 22. a5 Bb5 23. Bd3 Rfc8 24. Bxb5 Qxb5 25. Qf1 Qxb2 26. Rb1 Qc2 27. Qd1 Qe4 28. Rh3 Ba3 29. Qe1 Qf5 30. Ng1 Rc2 31. Rxa3 Qg4+ 32. Rg3 Qxh4 33. Nf3 Qe4 34. Rxb7 Re2 35. Qf1 Rcc2 36.
g6 hxg6 37. Kg1 h4 38. Rxf7+ Kh6 39. Rh3 Qg4+ 40. Kh1 g5 41. Rf6+ Kg7 42. Rh2 Qe4 43.
Rg2 g4 44. Ng5 Re1 45. Nxe4 Rxf1+ 46. Kh2 dxe4 47. Rxg4+ Kh7 48. Rxh4+ Kg7 49. Rg4+ Kh7 50. Rxe4 Rcxf2+ 51. Rxf2 Rxf2+ 52. Kg3 Ra2 53. Rf4 Rxa5 54. Rf7+ Kg8 55. Rd7 Kf8 56. Kf4 Ke8 57. Rb7 Ra4 58. Ke4 Kd8 59. Kd3 Kc8 60. Re7 Ra6 61. Kc4 Kd8 62. Rh7 Ra5 63. Kb4 Rd5 64. Kc4 a5 65.
Rg7 Ke8 66. Ra7 Kd8 67. Rh7 Ke8 1/2-1/2

[Event "*** Titled Tuesday Blitz"]
[Site "Chess.com"]
[Date "2019.12.03"]
[Round "6"]
[White "MasterKroket"]
[Black "Jadeit90"]
[Result "0-1"]
[WhiteElo "2421"]
[BlackElo "2305"]
[TimeControl "180+2"]
[EndTime "14:24:38 PST"]
[Termination "Jadeit90 won by resignation"]

1. d4 g6 2. c4 Bg7 3. Nf3 c5 4. d5 d6 5. e4 Nf6 6. Nc3 O-O 7. h3 e6 8. Bd3 exd5 9. cxd5 Na6 10. O-O Nc7 11. Re1 Rb8 12. a3 b5 13. Bg5 h6 14.
Bh4 g5 15. Bg3 b4 16. axb4 Rxb4 17. Qc2 Nh5 18. Rxa7 Nxg3 19. fxg3 c4 20. Bf1 Nb5 21. Raa1 Nd4 22. Nxd4 Bxd4+ 23. Kh2 Qf6 24. Ra4 Rxb2 25.
Qxb2 Bxc3 26. Qb1 Bxe1 27. Qxe1 c3 28. Ra3 c2 29. Rc3 Re8 30. Rxc2 Bf5 31. Bd3 Bg6 32. Qe3 Qe5 33. Re2 Kg7 34. Qf3 Qf6 35. Rf2 Qd4 36. g4 Qe5+ 37. g3 Re7 38. h4 gxh4 39.
Qf4 hxg3+ 40. Kxg3 Bxe4 41. Bxe4 Qxe4 42. Qf6+ Kh7 43. Qxd6 Qe3+ 44. Rf3 Qe1+ 45. Kf4 Qe4+ 46. Kg3 Qe1+ 47. Kf4 Re4+ 48. Kf5 Qe2 49. Qg3 Rd4 50. Re3 Qc2+ 51. Ke5 Qd2 52. Qf3 Rxd5+ 53. Qxd5 Qxe3+ 54. Kf6 Qf4+ 55. Ke7 Kg7 56. Qd7 Qf6+ 57. Ke8 Qe6+ 58. Kd8 Qxd7+ 59. Kxd7 Kg6 60. Ke7 Kg5 61. Kxf7 Kxg4 0-1

[Event "*** Titled Tuesday Blitz"]
[Site "Chess.com"]
[Date "2019.12.03"]
[Round "6"]
[White "HiHaruka"]
[Black "josiur"]
[Result "1/2-1/2"]
[WhiteElo "2307"]
[BlackElo "2430"]
[TimeControl "180+2"]
[EndTime "14:24:42 PST"]
[Termination "Game drawn - insufficient material"]

1. c4 c5 2. Nf3 Nc6 3. Nc3 g6 4. d4 cxd4 5. Nxd4 Bg7 6. e3 Nf6 7. Be2 O-O 8. b3 d5 9. Bb2 dxc4 10. Nxc6 Qxd1+ 11. Nxd1 bxc6 12. Bxc4 Rd8 13. O-O Bf5 14. f3 Rd2 15. Bc3 Rdd8 16. e4 Bd7 17. Ne3 Be8 18. Rfd1 Nh5 19. Bxg7 Kxg7 20. Kf2 e5 21. Ng4 f6 22.
Rac1 Nf4 23. g3 Nh3+ 24. Ke3 Ng5 25. f4 exf4+ 26. gxf4 Nf7 27. Be6 h5 28. Nf2 Nd6 29. Rd2 Nb5 30. Rcd1 Rxd2 31. Rxd2 Kf8 32. a4 Nc7 33.
Bc4 Ke7 34. Nd3 Rd8 35. h4 Bf7 36. Bxf7 Kxf7 37. Ne5+ Ke8 38. Rxd8+ Kxd8 39. Nxc6+ Kd7 40. Nxa7 Ne6 41. b4 g5 42. fxg5 fxg5 43. hxg5 Nxg5 44. Nb5 h4 45. Nd4 h3 46. Nf3 Ne6 47. Kf2 Nf4 48. Kg3 Nd3 49. b5 Nc5 50. Kxh3 Nxa4 51. Kg4 Nc3 52. Nd4 Nxe4 53. Kf4 Nd6 54. b6 Nc4 55. b7 Kc7 56. Ke4 Kxb7 1/2-1/2

[Event "*** Titled Tuesday Blitz"]
[Site "Chess.com"]
[Date "2019.12.03"]
[Round "6"]
[White "DangerousPlayer1st"]
[Black "Sanan_Sjugirov"]
[Result "1/2-1/2"]
[WhiteElo "2796"]
[BlackElo "2910"]
[TimeControl "180+2"]
[EndTime "14:24:46 PST"]
[Termination "Game drawn by repetition"]

1. e4 c5 2. Nf3 d6 3. d4 cxd4 4. Nxd4 Nf6 5. Nc3 a6 6. h3 e6 7. g4 Be7 8. g5 Nfd7 9. Be3 b5 10. a3 Bb7 11. Qd2 Nc6 12. h4 Rc8 13. Nxc6 Bxc6 14.
h5 Rb8 15. O-O-O a5 16. Ne2 Bxe4 17. Rh4 Bf3 18. Re1 b4 19. a4 Ba8 20. Nd4 O-O 21. Rh3 Nc5 22. g6 Bf6 23. Bc4 d5 24. Bb5 Rc8 25.
Kb1 e5 26. Nf5 d4 27. Bh6 Be4 28. Rxe4 Nxe4 29. Qe2 Nd6 30. Nxg7 Bxg7 31. Bxg7 Kxg7 32. Qxe5+ Kh6 33. Qf4+ Qg5 34. Qxd6 Rfd8 35. Bd7 f6 36. Rg3 Qd2 37. Qxf6 Qxc2+ 38. Ka1 Qc1+ 39. Ka2 b3+ 40. Rxb3 Qg5 41. Qe6 Rc7 42. g7+ Kxg7 43. Rg3 Qxg3 44. fxg3 Rcxd7 45. h6+ Kf8 46. Qf6+ Kg8 47. g4 d3 48.
Qe6+ Rf7 49. g5 d2 50. g6 hxg6 51. Qxg6+ Kf8 52. h7 Rxh7 53. Qf6+ Ke8 54. Qe6+ Re7 55. Qg8+ Kd7 56. Qd5+ Kc8 57. Qc6+ Rc7 58. Qa8+ Kd7 59.
Qd5+ Kc8 60. Qa8+ Kd7 61. Qd5+ Kc8 62. Qa8+ 1/2-1/2

[Event "*** Titled Tuesday Blitz"]
[Site "Chess.com"]
[Date "2019.12.03"]
[Round "6"]
[White "Sajkochess"]
[Black "eCztery"]
[Result "1-0"]
[WhiteElo "2268"]
[BlackElo "2397"]
[TimeControl "180+2"]
[EndTime "14:24:46 PST"]
[Termination "Sajkochess won by checkmate"]

1. e4 c5 2. Nf3 Nc6 3. d4 cxd4 4.
Nxd4 g6 5. g3 Bg7 6. Ne2 Qa5+ 7.
Nbc3 Nf6 8. Bg2 O-O 9. O-O d6 10.
b3 Bg4 11. Bb2 Qh5 12. f3 Bh3 13. Nf4 Qc5+ 14. Kh1 Bxg2+ 15. Kxg2 Ng4 16. fxg4 Bxc3 17. Bxc3 Qxc3 18. Nd5 Qe5 19. Qf3 Nd4 20. Qf4 Nxc2 21. Qxe5 dxe5 22. Rac1 Nd4 23. Nxe7+ Kg7 24. Rc7 b5 25. Rfc1 a5 26. R7c5 a4 27. b4 Rfe8 28. Nd5 Rab8 29. h4 a3 30. g5 Red8 31. Rc7 Rf8 32.
Ra7 Ra8 33. Rcc7 Rxa7 34. Rxa7 Nc2 35. Nc7 Nxb4 36. Ne6+ Kg8 37. Nxf8 Kxf8 38. Rxa3 Nc2 39. Rb3 b4 40. Kf2 Ke7 41. Rb2 b3 42. axb3 Nb4 43. Rd2 Ke6 44. Rd8 f5 45. exf5+ gxf5 46. Rh8 e4 47.
Rxh7 Nd3+ 48. Ke3 Nc5 49. Rh6+ Ke5 50. Rb6 Nd3 51. Rb5+ Ke6 52. h5 Ne1 53. h6 Nc2+ 54. Kf2 e3+ 55. Ke2 Nd4+ 56. Kxe3 Nxb5 57. h7 Nc7 58.
h8=Q Nd5+ 59. Kd4 Ne7 60. Qe5+ Kd7 61. Qxe7+ Kxe7 62. Ke5 f4 63. Kxf4 Kd6 64. Kf5 Kc5 65. Kf6 Kb4 66. g6 Kxb3 67. g7 Kc4 68. g8=Q+ Kc5 69.
Qd8 Kc6 70. Ke5 Kb7 71. Kd6 Ka6 72. Qb8 Ka5 73. Kc5 Ka4 74. Qb4# 1-0

[Event "*** Titled Tuesday Blitz"]
[Site "Chess.com"]
[Date "2019.12.03"]
[Round "6"]
[White "LuckIsMySkill"]
[Black "KRASAVCHIK2002"]
[Result "0-1"]
[WhiteElo "2720"]
[BlackElo "2484"]
[TimeControl "180+2"]
[EndTime "14:24:47 PST"]
[Termination "KRASAVCHIK2002 won by resignation"]

1. c4 e5 2. g3 Nf6 3. Bg2 d5 4. cxd5 Nxd5 5. Nc3 Nb6 6. e3 Nc6 7. Nge2 h5 8. d4 h4 9. d5 Nb8 10. e4 hxg3 11. hxg3 Rxh1+ 12. Bxh1 N8d7 13. Ng1 Nf6 14. Bg5 Be7 15. Bxf6 Bxf6 16. Bg2 Bd7 17. Bh3 Qe7 18. Rc1 O-O-O 19. Bxd7+ Rxd7 20. Kf1 Kb8 21. Kg2 c6 22.
Qg4 cxd5 23. exd5 Qd8 24. Nge2 Nxd5 25. Nxd5 Rxd5 26. Qe4 Rd2 27. Rc2 Qd5 28. Qxd5 Rxd5 29. Nc3 Rd3 30. Re2 Kc7 31. Ne4 Be7 32. g4 f6 33. g5 f5 34. Ng3 g6 35. Rxe5 Bxg5 36. Re6 Rd6 37. Re8 Bf6 38. b3 Rd2 39. Re6 Rd6 40. Re2 Kd7 41. Nf1 Bg5 42. Rc2 a6 43.
Rc4 b5 44. Rc2 Bf6 45. Rc5 Bd4 46. Rc2 Bb6 47. Nh2 g5 48. Nf3 g4 49. Ne5+ Ke6 50. Ng6 Kf6 51. Nf4 Kg5 52. Kg3 Rh6 53. Nd5 Bd4 54. Kg2 Rd6 55. Ne7 f4 56. f3 g3 57.
Rc8 Be3 58. Rg8+ Kf6 59. Nc8 Rd2+ 60. Kh3 Rh2+ 61. Kg4 g2 0-1

[Event "*** Titled Tuesday Blitz"]
[Site "Chess.com"]
[Date "2019.12.03"]
[Round "6"]
[White "Aygehovit1992"]
[Black "Triumphmate"]
[Result "0-1"]
[WhiteElo "2618"]
[BlackElo "2421"]
[TimeControl "180+2"]
[EndTime "14:24:55 PST"]
[Termination "Triumphmate won by resignation"]

1. e4 e5 2. Nf3 Nc6 3. Bb5 a6 4.
Ba4 Nf6 5. d3 b5 6. Bb3 Bc5 7.
O-O d6 8. Nc3 Na5 9. Bg5 c6 10.
Ne2 Nxb3 11. axb3 h6 12. Bh4 g5 13. Bg3 Bb6 14. Qe1 Bg4 15. Qc3 c5 16. Nxe5 b4 17. Qe1 dxe5 18. Bxe5 Bc7 19. f4 Bxe5 20.
fxe5 Bxe2 21. Qxe2 Qd4+ 22. Kh1 Qxe5 23. Rf5 Qe7 24.
Raf1 Nd7 25. Rxf7 Qxf7 26. Rxf7 Kxf7 27. Qf3+ Ke7 28. h3 Raf8 29. Qg3 Rf4 30. c3 Rb8 31. Qe1 bxc3 32. Qxc3 Rf7 33. Qc4 Rb6 34. b4 Rxb4 35. Qxa6 Rf1+ 36. Kh2 Rb6 37. Qa3 Rf2 38. b3 Rb4 39. Qa6 Rf6 40. Qa3 Rd6 41. Qb2 Rbd4 42. Qe2 Ne5 43. Qf2 Rf6 44. Qg3 Ke6 45. Qe1 Nxd3 46.
Qa5 Ke5 47. b4 Rxb4 48. Qd8 Rd6 49. Qe7+ Re6 50. Qd8 Rd4 51. Qh8+ Kxe4 52. Qh7+ Ke3 53. Qf7 Re5 54. Qf6 c4 55. Qxh6 c3 56. Qc6 Kd2 57.
Qb6 c2 58. Qxd4 c1=Q 59. Qg4 Qc7 60. g3 Re2+ 0-1

[Event "*** Titled Tuesday Blitz"]
[Site "Chess.com"]
[Date "2019.12.03"]
[Round "6"]
[White "Darhild"]
[Black "r31415"]
[Result "1-0"]
[WhiteElo "2659"]
[BlackElo "2467"]
[TimeControl "180+2"]
[EndTime "14:25:07 PST"]
[Termination "Darhild won by resignation"]

1. e4 d6 2. d4 Nf6 3. Nc3 g6 4. g3 Bg7 5. Bg2 O-O 6. Nge2 e5 7. h3 c6 8. a4 a5 9. O-O Qc7 10. Be3 Be6 11. g4 Bc4 12. f4 Nbd7 13. Rf2 Rfe8 14. Ng3 exf4 15. Bxf4 Re6 16. Qd2 Ba6 17. Rd1 Rd8 18.
g5 Ne8 19. h4 Re7 20. h5 Nf8 21. h6 Bh8 22. d5 c5 23. Nb5 Bxb5 24. axb5 Bd4 25.
Be3 Be5 26. Rf3 Nd7 27. c4 a4 28. Rdf1 Nb6 29. Qe2 Qd7 30. Bf4 Qg4 31. Bxe5 dxe5 32. Kh2 Qxg5 33. Bh3 Qxh6 34. Nf5 gxf5 35. Rxf5 Rd6 36.
Qf2 Qg7 37. Qxc5 Nd7 38. Qf2 Rh6 39. c5 Qg4 40. Rf3 Qg7 41. Rg1 Rg6 42. d6 Ree6 43.
Bxe6 fxe6 44. Rxg6 hxg6 45. c6 bxc6 46. bxc6 Nxd6 47. cxd7 Qxd7 48. Rf8+ Kg7 49. Rb8 Nf7 50. Ra8 Qb5 51. Ra7 Qe8 52. Qc2 Qb5 53. Qf2 Qe8 54. Kg3 Kg8 55. Qf6 Qf8 56. Rd7 Qg7 57. Qxg7+ Kxg7 58. Ra7 Kf6 59. Rxa4 Nd6 60. Kf3 Nb5 61. Ra8 Nd4+ 62. Kf2 Nb3 63. Rf8+ Ke7 64. Rb8 Nc5 65. Ke3 g5 66. b4 Na6 67. Rb7+ Kd6 68. Rb6+ Kc7 69.
Rxa6 g4 70. Rxe6 1-0

[Event "*** Titled Tuesday Blitz"]
[Site "Chess.com"]
[Date "2019.12.03"]
[Round "6"]
[White "OmaruruBishops"]
[Black "aquaticpineapples"]
[Result "0-1"]
[WhiteElo "1988"]
[BlackElo "2225"]
[TimeControl "180+2"]
[EndTime "14:25:17 PST"]
[Termination "aquaticpineapples won by resignation"]

1. e4 d5 2. exd5 Qxd5 3. Nc3 Qa5 4. g3 Nf6 5. Bg2 c6 6. Nge2 Bg4 7. O-O e6 8. h3 Bh5 9. a3 Bd6 10. Rb1 Nbd7 11.
b4 Qc7 12. b5 c5 13. g4 Bg6 14. d3 O-O 15. a4 Rad8 16. b6 axb6 17. Nb5 Qb8 18.
Nec3 c4 19. dxc4 Nc5 20. Qe2 Bh2+ 21. Kh1 Bf4 22. Be3 Bxe3 23. fxe3 Nfe4 24. Nxe4 Nxe4 25. Bxe4 Bxe4+ 26. Rf3 Qg3 27. Rf1 Qxh3+ 28. Kg1 Qxg4+ 29. Kh2 Bxf3 30. Rxf3 Qh5+ 31. Kg2 e5 32. Qf2 e4 33. Rg3 Rd1 34. Rh3 Qg4+ 35. Kh2 Rh1+ 36. Kxh1 Qxh3+ 37. Kg1 Qf3 38. Qxf3 exf3 39. Kf2 Rc8 40. Nd6 Rc6 41. Nxb7 Rxc4 42. a5 bxa5 43. Nxa5 Rxc2+ 44. Kxf3 h5 45. Nb3 g5 46. Nd4 Rc3 47. Ke4 h4 48.
Nf3 Rc4+ 49. Kf5 Rc5+ 50. Kg4 f6 51. e4 Kg7 52. Nd4 Kg6 53. Nf5 Rc3 54. Ne7+ Kf7 55. Nd5 Ra3 56. e5 h3 57. exf6 h2 58. Kxg5 h1=Q 59.
Nf4 Rg3+ 60. Kf5 Qb1+ 61. Ke5 Rg5+ 62. Kd4 Qb4+ 63. Ke3 Re5+ 64. Kf3 Rf5 65. Ke3 Qxf4+ 66. Kd3 Rd5+ 0-1

[Event "*** Titled Tuesday Blitz"]
[Site "Chess.com"]
[Date "2019.12.03"]
[Round "6"]
[White "2165149677570"]
[Black "misha_melnichuk"]
[Result "1/2-1/2"]
[WhiteElo "2343"]
[BlackElo "2485"]
[TimeControl "180+2"]
[EndTime "14:25:21 PST"]
[Termination "Game drawn - insufficient material"]

1. d4 g6 2. c4 Bg7 3. e4 d6 4. Nc3 Nf6 5. f3 O-O 6. Nge2 c5 7. d5 e6 8. Ng3 exd5 9. cxd5 a6 10. a4 Nbd7 11.
Be2 h5 12. Bg5 Qb6 13. Qd2 Ne5 14. O-O Nh7 15. Be3 h4 16. Nh1 f5 17. Rfb1 Qd8 18.
Nf2 Bd7 19. Bh6 Bxh6 20. Qxh6 Qg5 21. Qxg5 Nxg5 22. f4 fxe4 23. fxe5 e3 24. Nfd1 h3 25. Nxe3 dxe5 26. Rf1 hxg2 27. Rxf8+ Rxf8 28. Kxg2 Nh3 29. Kg3 Nf4 30. Rf1 Bxa4 31. Bg4 Bb3 32. Ne2 g5 33. h4 gxh4+ 34. Kxh4 Ng2+ 35. Kg5 Nxe3 36. Be6+ Kg7 37.
Rh1 Bxd5 38. Bxd5 Rf5+ 39. Kh4 Nxd5 40. Kg4 Rf6 41. Ng3 Ne3+ 42. Kh4 Nf5+ 43. Nxf5+ Rxf5 44. Kg4 Rf4+ 45. Kg3 Rb4 46. Rc1 b6 47. Rc2 Kf6 48. Kf3 a5 49. Ke3 a4 50. Kd3 Ke6 51. Kc3 Kd5 52. Rd2+ Rd4 53. Rh2 b5 54. Rh8 b4+ 55.
Kc2 Kc4 56. Ra8 b3+ 57. Kc1 Kd3 58. Re8 Re4 59. Rd8+ Kc4 60. Ra8 Re1+ 61. Kd2 Rb1 62. Rxa4+ Kb5 63. Re4 Rxb2+ 64. Kc3 Rb1 65. Rxe5 Kb6 66.
Re6+ Kc7 67. Rh6 Kb7 68. Rg6 c4 69. Kxc4 b2 70. Kb3 Kc7 71. Rg2 Kc6 72. Rc2+ Kb5 73. Rxb2 Rxb2+ 74. Kxb2 1/2-1/2

[Event "*** Titled Tuesday Blitz"]
[Site "Chess.com"]
[Date "2019.12.03"]
[Round "6"]
[White "arminmusovic"]
[Black "BlueWizzard"]
[Result "0-1"]
[WhiteElo "2544"]
[BlackElo "2747"]
[TimeControl "180+2"]
[EndTime "14:25:26 PST"]
[Termination "BlueWizzard won by checkmate"]

1. a3 a6 2. Nc3 d5 3. e4 Nf6 4. e5 d4 5. exf6 dxc3 6. bxc3 exf6 7. d4 Bd6 8. Nf3 O-O 9. Be2 Nd7 10. O-O Re8 11.
h3 c6 12. Bd3 Nf8 13. Re1 Be6 14. c4 Bc7 15. c3 Qd7 16. Bf1 b5 17. d5 cxd5 18.
cxb5 axb5 19. Nd4 Rab8 20. Rb1 Qd6 21. g3 Bb6 22. Bf4 Qxa3 23. Bxb8 Rxb8 24. Nxb5 Qc5 25.
Qf3 Ng6 26. Nd4 Ne5 27. Qe3 Qd6 28. Qf4 Rc8 29. Rec1 Ba5 30. Nb5 Qc5 31. Be2 Bb6 32. Nd4 h6 33. Rb5 Qc7 34. Rcb1 Bc5 35. Rb7 Qd6 36. Nf5 Bxf5 37. Qxf5 Rd8 38. Kg2 Qc6 39. Bf3 g6 40. Qf4 Bf8 41. Rb8 Nd3 42. Qd4 Rxb8 43. Rxb8 Ne1+ 44. Kf1 Nxf3 45. Qb4 Qc4+ 46. Qxc4 dxc4 47. Ke2 Ng5 48. Rc8 Nxh3 49. Rxc4 Ng5 50.
Rc8 Kg7 51. c4 Ne6 52. Ke3 f5 53. f4 Bc5+ 54. Kf3 Nd4+ 55. Kg2 Ne6 56. Kf3 g5 57. fxg5 hxg5 58. Kg2 Bd6 59. Rc6 Bc5 60. Rc8 Kf6 61.
Rc6 Ke5 62. Rc8 Ke4 63. Rh8 f4 64. Rh7 f3+ 65. Kf1 f6 66. Rf7 Kf5 67. Rd7 Kg4 68.
Rf7 f5 69. Rf6 Nd4 70. Rg6 Nc2 71. Rc6 Bd4 72. Rd6 Kxg3 73. c5 Ne3+ 74. Ke1 Bc3+ 75. Rd2 Nc4 76. Kd1 Bxd2 77. c6 Bf4 78. Kc2 Bc7 79.
Kd3 Ne5+ 80. Kd4 Kg2 81. Kd5 f2 82. Ke6 f1=Q 83. Kf6 f4 84. Kxg5 f3 85. Kf4 Qc4+ 86.
Ke3 Qxc6 87. Kd4 f2 88. Ke3 Bb6+ 89. Kd2 Nf3+ 90. Ke2 f1=Q# 0-1

[Event "*** Titled Tuesday Blitz"]
[Site "Chess.com"]
[Date "2019.12.03"]
[Round "6"]
[White "chessasuke"]
[Black "andrzej"]
[Result "1-0"]
[WhiteElo "2625"]
[BlackElo "2371"]
[TimeControl "180+2"]
[EndTime "14:25:29 PST"]
[Termination "chessasuke won by checkmate"]

1. e4 c6 2. d4 d5 3. e5 c5 4. dxc5 e6 5. a3 Bxc5 6. b4 Be7 7. Nf3 a5 8. b5 Nd7 9. Bd3 b6 10.
O-O Bb7 11. Bb2 Nh6 12. Qe2 Nc5 13. Rd1 O-O 14. c4 Nxd3 15. Rxd3 Qc7 16. cxd5 Bxd5 17. Nbd2 Nf5 18. g4 Nh4 19. Nxh4 Bxh4 20. Rh3 Be7 21. Ne4 Bxe4 22. Qxe4 h6 23. Rc1 Qd7 24. a4 Rfd8 25. Rhc3 Bc5 26. R3c2 Rac8 27. Kg2 Qe7 28. h3 Qg5 29. Re1 Rd5 30. Bc1 Qd8 31. Be3 Bxe3 32. Rxe3 Rxc2 33. Qxc2 Rc5 34. Qe4 Qd5 35. Qxd5 Rxd5 36.
Re4 Kf8 37. h4 Ke7 38. h5 Rd1 39. Rc4 Ra1 40. f4 Ra3 41. g5 Kd7 42. g6 fxg6 43.
hxg6 h5 44. Rc6 Rxa4 45. Rxb6 Rxf4 46. Rb7+ Kc8 47. Rxg7 a4 48. Kh3 a3 49. Ra7 Rg4 50. g7 a2 51. Rxa2 Rxg7 52. Ra6 Rg1 53. Rxe6 Rb1 54. b6 Kd7 55. Rh6 Rb5 56. e6+ Ke7 57.
b7 Kd6 58. e7+ Kxe7 59. Rh8 Rb3+ 60. Kh4 Rb4+ 61. Kxh5 Rb5+ 62. Kg4 Rb4+ 63. Kf3 Rb3+ 64. Ke4 Rb4+ 65. Kd3 Rb3+ 66. Kc4 Rb1 67. b8=Q Rc1+ 68. Kd3 Rd1+ 69. Ke2 Rd7 70. Rh7+ Ke6 71. Qe8+ Kf6 72. Qxd7 Kg6 73. Rf7 Kh6 74. Qe8 Kg6 75. Qg8+ Kh6 76. Rh7# 1-0

[Event "*** Titled Tuesday Blitz"]
[Site "Chess.com"]
[Date "2019.12.03"]
[Round "6"]
[White "Msb2"]
[Black "VincentKeymer"]
[Result "1/2-1/2"]
[WhiteElo "2812"]
[BlackElo "2647"]
[TimeControl "180+2"]
[EndTime "14:25:30 PST"]
[Termination "Game drawn - insufficient material"]

1. d4 Nf6 2. c4 b6 3. Nc3 Bb7 4. Qc2 e6 5. e4 Bb4 6. Bd3 Bxc3+ 7. bxc3 d6 8. f4 c5 9. d5 Qe7 10. Ne2 exd5 11. exd5 O-O 12. O-O Nbd7 13. Ng3 Rfe8 14. Bd2 Nf8 15. a4 Ng6 16. a5 Qc7 17. Rfb1 bxa5 18.
Qa4 Reb8 19. Qxa5 Qxa5 20. Rxa5 a6 21. Nf5 Ne8 22. Re1 Kf8 23. Bc1 Rd8 24. Be3 Bc8 25.
Rea1 h5 26. Ng3 h4 27. Ne4 Ne7 28. Bf2 h3 29. gxh3 Nf5 30. h4 g6 31. Be2 Neg7 32.
Bf3 Rb8 33. R5a2 Rb3 34. Bd1 Rb8 35. Nd2 Re8 36. Kf1 Ne3+ 37. Kg1 Nxd1 38. Rxd1 Re2 39. Re1 Rxe1+ 40. Bxe1 Nf5 41. Kf1 Ra8 42. Ra5 Bd7 43. Bf2 Ke7 44. Ke2 Kd8 45. Kd3 Kc7 46. Ne4 Kb6 47.
Ra1 Rh8 48. Rb1+ Kc7 49. Ra1 Bc8 50. Ng5 Rf8 51. Nh7 Re8 52. Ng5 f6 53. Ne6+ Bxe6 54. dxe6 Rxe6 55. Rxa6 Kb7 56. Ra1 Re8 57. Rg1 Rg8 58.
h5 g5 59. fxg5 fxg5 60. Ke4 Nh6 61. h3 Kc6 62. Be3 Re8+ 63. Kd3 Nf7 64. Bxg5 Rh8 65. h6 Nxg5 66. Rxg5 Rxh6 67. Rg3 Rh4 68. Kc2 Rxc4 69. Rg4 Rxg4 70. hxg4 d5 71. Kd3 Kd6 72. Ke3 Ke5 73. Kf3 d4 74. cxd4+ cxd4 75. Ke2 Kf4 76. Kd2 Kxg4 77.
Kd3 Kh3 78. Ke4 d3 79. Ke3 d2 80. Ke2 d1=Q+ 81. Kxd1 1/2-1/2

[Event "*** Titled Tuesday Blitz"]
[Site "Chess.com"]
[Date "2019.12.03"]
[Round "6"]
[White "masrahi"]
[Black "brendan174"]
[Result "1/2-1/2"]
[WhiteElo "1952"]
[BlackElo "2108"]
[TimeControl "180+2"]
[EndTime "14:25:35 PST"]
[Termination "Game drawn by agreement"]

1. c4 Nf6 2. Nc3 e6 3. e4 c5 4. e5 Ng8 5. Nf3 Nc6 6. d4 cxd4 7. Nxd4 Nxe5 8. Ncb5 d6 9. Bf4 Ng6 10. Bg3 a6 11. Nc3 Nf6 12. Be2 Be7 13. h4 h5 14. Nf3 Qc7 15. Ng5 e5 16. Nd5 Nxd5 17.
Qxd5 Be6 18. Nxe6 fxe6 19. Qxe6 Nf8 20. Qf5 g6 21. Qe4 O-O-O 22. O-O Ne6 23. b4 Bf6 24. Qxg6 Qe7 25. c5 d5 26. c6 Nd4 27.
cxb7+ Kxb7 28. Qd3 Nxe2+ 29. Qxe2 Rhg8 30. Rfe1 Qg7 31. Rac1 Bxh4 32. Qxe5 Bxg3 33. Qxg7+ Rxg7 34. fxg3 Rxg3 35. Re5 Rdg8 36. Rc2 R3g5 37. Re7+ Kb6 38.
a4 R5g6 39. Re5 Rg5 40. Re6+ Kb7 41. Rf2 R8g7 42. Rfe2 Rc7 43. R6e5 Rcg7 44. Re7+ Rxe7 45. Rxe7+ Kb6 46. Re6+ Kb7 47. Kf2 Rg4 48. Re5 Rxb4 49. Rxd5 h4 50. Rh5 Kb6 51. Rh6+ Kb7 52. Kg1 Rf4 53. Kh2 Ka7 54. Kh3 Rxa4 55. Rxh4 Ra3+ 56. Kh2 Ra2 57. Kh3 Ra3+ 58. Kh2 Ra2 59. Kg1 Kb6 60.
g4 Ra4 61. Kg2 a5 62. Kg3 Ra3+ 63. Kf4 Ra1 64. Rh6+ Kb5 65. g5 a4 66. g6 Rg1 67.
Rh5+ Kb4 68. Rg5 Rf1+ 69. Ke5 Rf8 70. g7 Rg8 71. Kf6 a3 72. Kf7 Rxg7+ 73. Rxg7 a2 1/2-1/2

[Event "*** Titled Tuesday Blitz"]
[Site "Chess.com"]
[Date "2019.12.03"]
[Round "6"]
[White "Everyfishknows"]
[Black "marianokar"]
[Result "0-1"]
[WhiteElo "2296"]
[BlackElo "2407"]
[TimeControl "180+2"]
[EndTime "14:25:57 PST"]
[Termination "marianokar won by resignation"]

1. Nf3 d5 2. c4 e6 3. b3 Nf6 4. Bb2 Be7 5. g3 O-O 6. Bg2 c5 7. O-O d4 8. e3 Nc6 9. exd4 cxd4 10. Re1 Ng4 11. h3 Nh6 12. Ne5 Nxe5 13. Rxe5 f6 14. Re1 e5 15. d3 a5 16. Nd2 Nf5 17. Ne4 Ra7 18. Kh2 Be6 19. Qh5 Qd7 20. Re2 a4 21. Rae1 Bb4 22. Rd1 axb3 23. axb3 Ra2 24. Bc1 Rfa8 25. g4 Ne7 26. Bd2 Bxd2 27. Rdxd2 Rxd2 28. Rxd2 Qc7 29. b4 Ng6 30. Kg1 Ra1+ 31. Bf1 b6 32. g5 f5 33. Ng3 Qf7 34. Rd1 Nf4 35. Qf3 Rxd1 36. Qxd1 Qc7 37. Ne2 Ng6 38. Qd2 Kf7 39. Ng3 Qa7 40. Kh2 Qa1 41. Bg2 Qc3 42. Qe2 Qxb4 43. h4 Qc5 44. h5 Nf4 45. Qd2 b5 46. cxb5 Qxb5 47. Bf1 g6 48. h6 Bd5 49. Qc2 Qc6 50. Qb2 Ne6 51. Be2 Nxg5 52. Qb8 f4 53. Nh5 Bf3 54. Qa7+ Qb7 55. Qa2+ Kf8 56. Qa3+ Kf7 57.
Qa2+ Bd5 58. Qa5 gxh5 59. Bxh5+ Kf6 60. Qd8+ Qe7 61. Qxd5 Ne6 62. Qe4 Ng5 63. Qc6+ Qe6 64. Qxe6+ Kxe6 65. Bg4+ Kf6 66. Kg2 Nf7 67. Bf3 Ng5 68. Bd5 Kg6 69. Bc4 Kxh6 70. f3 Kg7 71. Bd5 h6 72. Bc4 Kf6 73. Bd5 Ke7 74. Bc4 Kd6 75. Bg8 Kc5 76. Bc4 Kb4 77. Kf2 Kc3 78.
Ke2 h5 79. Bb5 h4 80. Bd7 h3 81. Kf2 Kxd3 82. Bf5+ Kd2 0-1